 Dungeon Crawl Stone Soup version 0.31-a0-986-g5e6e4ef867 (webtiles) character file.

Game seed: 9112554263458999828

9884 sammy202020 the Fighter (level 11, -8/101 HPs)
             Began as a Minotaur Fighter on Nov 23, 2023.
             Was an Initiate of Gozag.
             Mangled by a fire elemental (10 damage)
             ... summoned by a deep elf pyromancer
             ... on level 10 of the Dungeon.
             The game lasted 00:16:32 (10741 turns).

sammy202020 the Fighter (Minotaur Fighter)         Turns: 10741, Time: 00:16:33

Health: -8/101     AC: 21    Str: 24    XL:     11   Next: 28%
Magic:  10/10      EV: 10    Int:  9    God:    Gozag
Gold:   517        SH:  7    Dex: 17    Spells: 10/10 levels left

rFire   . . .        k - +1 morningstar (freeze)
rCold   + . .        c - +0 buckler
rNeg    . . .        B - +1 plate armour {rC+}
rPois   +            (helmet restricted)
rElec   .            b - +1 cloak {rPois}
rCorr   .            (no gloves)
SInv    .            j - +2 pair of boots "Poeshorr" {Str+4}
Will    .....        (no amulet) Stlth
                     m - +6 ring of dexterity
HPRegen 0.36/turn    (no ring)
MPRegen 0.12/turn

%: no passive effects
@: about to teleport
A: horns 2, retaliatory headbutt
a: Renounce Religion, Potion Petition, Call Merchant, Bribe Branch


You were on level 10 of the Dungeon.
You worshipped Gozag.
Gozag was pleased with you.
You visited 2 branches of the dungeon, and saw 11 of its levels.

You collected 1416 gold pieces.
You spent 764 gold pieces at shops.
You paid 135 gold pieces to Gozag.

Inventory:

Hand Weapons
 k - a +1 morningstar of freezing (weapon)
 n - a +4 hammer of draining
Missiles
 i - 31 poisoned darts
 t - 2 throwing nets
Armour
 b - a +1 cloak of poison resistance (worn)
 c - a +0 buckler (worn)
 j - the +2 pair of boots "Poeshorr" (worn) {Str+4}
   (You found it on level 2 of the Dungeon)

   Str+4:     It affects your strength (+4).
 u - +0 steam dragon scales
 y - a +1 chain mail of fire resistance
 B - a +1 plate armour of cold resistance (worn)
Jewellery
 g - a ring of ice
 m - a +6 ring of dexterity (left hand)
Wands
 d - a wand of iceblast (2) (quivered)
 v - a wand of charming (10)
Scrolls
 e - 2 scrolls of identify
 h - 5 scrolls of teleportation
 l - 3 scrolls of fear
 o - 2 scrolls of vulnerability
 q - a scroll of enchant armour
 s - 2 scrolls of immolation
 x - a scroll of fog
 A - a scroll of brand weapon
Potions
 a - a potion of berserk rage
 f - a potion of heal wounds
 p - 2 potions of attraction
 r - a potion of invisibility
 w - a potion of curing
 z - a potion of ambrosia


   Skills:
 * Level 10.7 Fighting
 * Level 10.3 Maces & Flails
 * Level 10.7 Armour
 + Level 6.6 Dodging
 * Level 10.7 Shields


You had 10 spell levels left.
You didn't know any spells.
Your spell library contained the following spells:

 Spells                   Type           Power      Damage    Failure   Level
 Blink                    Tloc           0%         N/A       100%        2
 Dazzling Flash           Conj/Hex       0%         N/A       100%        3
 Stone Arrow              Conj/Erth      0%         3d7       100%        3
 Tukima's Dance           Hex            0%         N/A       100%        3
 Animate Armour           Summ/Erth      0%         N/A       100%        4
 Dimensional Bullseye     Hex/Tloc       0%         N/A       100%        4
 Iskenderun's Mystic Bla  Conj/Tloc      0%         2d3       100%        4
 Manifold Assault         Tloc           0%         N/A       100%        4
 Agony                    Necr           0%         N/A       100%        5
 Silence                  Hex/Air        0%         N/A       100%        5
 Summon Forest            Summ/Tloc      0%         N/A       100%        5
 Eringya's Noxious Bog    Tmut/Pois      0%         4d6       100%        6
 Summon Hydra             Summ           0%         N/A       100%        7
 Lehudib's Crystal Spear  Conj/Erth      0%         10d2      100%        8


Dungeon Overview and Level Annotations

Branches:
Dungeon (10/15)            Temple (1/1) D:7
   Lair: D:8-11         Orc: D:9-12

Altars:
Ashenzari
Cheibriados
Dithmenos
Elyvilon
Fedhas
Gozag
Hepliaklqana
Kikubaaqudgha
Qazlal
Ru
Sif Muna
Trog
Uskayaw
Vehumet
Wu Jian
Xom
Yredelemnul
Zin
The Shining One

Shops:
D:6 *   D:8 [   D:9 *   D:10 [


Innate Abilities, Weirdness & Mutations

You have a pair of horns on your head.
You reflexively headbutt those who attack you in melee.


Message History

Press: ? - help, Q - select action, (/) - cycle Shift-Dir - straight line The mass of ice explodes!
The iceblast engulfs the eight-headed hydra!
The eight-headed hydra is moderately wounded.
You hear a shout!
The fire elemental barely misses you. x2; You furiously retaliate!
You headbutt the fire elemental.
You destroy the fire elemental!
The fire elemental disappears in a puff of smoke!
You block the fire elemental's attack.
The eight-headed hydra barely misses you.
You furiously retaliate!
You headbutt the eight-headed hydra. The eight-headed hydra bites you!
* * * LOW HITPOINT WARNING * * *
The eight-headed hydra closely misses you.
You block the eight-headed hydra's attack.
The eight-headed hydra bites you!
* * * LOW HITPOINT WARNING * * *
You block the eight-headed hydra's attack.
The eight-headed hydra closely misses you. x2
Aiming: Iceblast
Press: ? - help, Q - select action, (/) - cycle Shift-Dir - straight line, f - deep elf pyromancer
Aim: a deep elf pyromancer, wielding a +0 dagger (heavily wounded)
Okay, then.
The boulder beetle curls into a ball and begins rolling!
Aiming: Iceblast
Press: ? - help, Q - select action, (/) - cycle Shift-Dir - straight line The mass of ice explodes!
The iceblast engulfs the fire elemental!
The fire elemental is frozen!
The fire elemental is heavily damaged.
The iceblast engulfs the deep elf pyromancer!
The deep elf pyromancer is severely wounded.
The iceblast engulfs the eight-headed hydra!!
The eight-headed hydra is heavily wounded.
The fire elemental hits you. The fire elemental burns you!
* * * LOW HITPOINT WARNING * * *
The fire elemental hits you. The fire elemental burns you!
You die...
Your body crumbles into a pile of gold.

.#..........###.....#...#+#....##
.#....<.........##....○........##
)##.......#.∩.#......B...........
#)#............##.........[......
##..........#..#.................
....#..........##...........(....
..........#.....#................
.#...##...##....#E...............
##.........###..@ED.○.....#......
..(.....#.........e.......#...
.#...##.......................
......##..##..................
......#........##.............
......##..#..###..............
.##########................### #
#..............###
#.............##


You could see a boulder beetle (rolling), an eight-headed hydra, a deep elf
pyromancer and 2 fire elementals.

Vanquished Creatures
  3 two-headed ogres (D:10)
  An ugly thing (D:10)
  Maggie (D:7)
  Jeremiah (D:8)
  2 kobold demonologists (D:10)
  A yaktaur (D:10)
  A hornet (D:9)
  A shadow (D:9)
  Sigmund (D:4)
  A wyvern (D:10)
  10 yaks
  2 steam dragons
  Edmund (D:6)
  A water moccasin (D:5)
  An orc warrior (D:9)
  3 sky beasts (D:8)
  A black bear (D:7)
  A centaur (D:7)
  A phantom (D:5)
  4 kobold brigands
  A gnoll sergeant (D:10)
  A bullfrog (D:7)
  6 scorpions
  9 wights (D:8)
  16 killer bees
  5 howler monkeys
  2 hounds
  2 jellies (D:6)
  A gnoll bouda (D:9)
  8 orc priests
  Crazy Yiuf (D:4)
  2 iguanas
  2 sleepcaps
  12 orc wizards
  7 gnolls
  10 adders
  A shadow imp (D:6)
  2 white imps (D:8)
  5 ufetubi
  3 worms
  A dart slug (D:5)
  24 orcs
  6 ball pythons
  7 endoplasms
  A giant cockroach (D:1)
  10 goblins
  10 hobgoblins
  5 quokkas
  12 bats
  5 frilled lizards
  14 kobolds
  5 rats
234 creatures vanquished.

Notes
Turn   | Place    | Note
-------+----------+-------------------------------------------
     0 | D:1      | sammy202020 the Minotaur Fighter began the quest for the
                  | Orb.
     0 | D:1      | Reached XP level 1. HP: 19/19 MP: 0/0
   146 | D:1      | Reached XP level 2. HP: 27/27 MP: 1/1
   616 | D:1      | Reached XP level 3. HP: 33/33 MP: 2/2
  1023 | D:2      | Reached skill level 1 in Dodging
  1154 | D:2      | Identified the +2 pair of boots "Poeshorr" {Str+4}
  1287 | D:2      | Reached XP level 4. HP: 39/40 MP: 3/3
  1316 | D:2      | Found a glowing golden altar of the Shining One.
  1530 | D:3      | HP: 2/41 [orc/+0 hand axe (2)]
  1736 | D:3      | Found a blossoming altar of Fedhas.
  2029 | D:3      | Found a faded altar of an unknown god.
  2098 | D:3      | Reached XP level 5. HP: 29/47 MP: 4/4
  2623 | D:4      | Found a runed translucent door.
  2624 | D:4      | Noticed Crazy Yiuf
  2654 | D:4      | Reached skill level 5 in Shields
  2688 | D:4      | Killed Crazy Yiuf
  2689 | D:4      | Reached skill level 5 in Fighting
  2689 | D:4      | Reached XP level 6. HP: 17/56 MP: 5/5
  3205 | D:4      | Noticed Sigmund
  3212 | D:4      | Killed Sigmund
  3213 | D:4      | Reached skill level 5 in Armour
  3403 | D:4      | Found a stormy altar of Qazlal.
  3577 | D:4      | Reached XP level 7. HP: 61/61 MP: 6/6
  3652 | D:4      | Found a bloodstained altar of Trog.
  3773 | D:5      | Entered Level 5 of the Dungeon
  3857 | D:5      | Reached skill level 5 in Maces & Flails
  4610 | D:5      | Noticed a steam dragon
  4621 | D:5      | Killed a steam dragon
  4622 | D:5      | Reached XP level 8. HP: 27/71 MP: 7/7
  5222 | D:6      | Found Duoptoq's CLEARANCE SALE!.
  5767 | D:6      | Noticed Edmund
  5777 | D:6      | Killed Edmund
  5995 | D:7      | Noticed Maggie
  6009 | D:7      | Killed Maggie
  6014 | D:6      | Reached XP level 9. HP: 19/79 MP: 8/8
  6841 | D:7      | Found a staircase to the Ecumenical Temple.
  6861 | Temple   | Entered the Ecumenical Temple
  6888 | Temple   | Became a worshipper of Gozag Ym Sagoz the Greedy
  7014 | D:7      | Found a hazy altar of Hepliaklqana.
  7470 | D:8      | Noticed Jeremiah
  7502 | D:8      | Reached skill level 5 in Dodging
  7573 | D:8      | Killed Jeremiah
  7853 | D:8      | Found Cisu's Antique Armour Emporium.
  7859 | D:8      | Bought a shiny chain mail for 225 gold pieces
  7934 | D:8      | Reached XP level 10. HP: 74/91 MP: 9/9
  8317 | D:8      | Found an ornate altar of the Wu Jian Council.
  8576 | D:9      | Found Ea-nāṣir's Fine Metal Goods.
  8580 | D:9      | Bought a glowing morningstar for 154 gold pieces
  8828 | D:9      | Found a white marble altar of Elyvilon.
  9775 | D:10     | Entered Level 10 of the Dungeon
  9807 | D:10     | Found Ylem's Armour Shoppe.
  9842 | D:10     | Bought a +1 plate armour of cold resistance for 385 gold
                  | pieces
  9867 | D:10     | Noticed a two-headed ogre
  9867 | D:10     | Noticed a boulder beetle
  9867 | D:10     | Noticed a two-headed ogre
  9878 | D:10     | Killed a two-headed ogre
  9879 | D:10     | Reached skill level 10 in Fighting
  9879 | D:10     | Reached skill level 10 in Armour
  9879 | D:10     | Reached skill level 10 in Shields
  9880 | D:10     | Killed a two-headed ogre
  9888 | D:10     | Noticed a deep elf pyromancer
  9892 | D:10     | Noticed a two-headed ogre
  9902 | D:10     | Noticed a cyan ugly thing
  9904 | D:10     | Killed a two-headed ogre
  9905 | D:10     | Reached XP level 11. HP: 72/101 MP: 10/10
  9911 | D:10     | Noticed an eight-headed hydra
 10289 | D:10     | Noticed a sixfirhy
 10294 | D:10     | Noticed a sun demon
 10312 | D:10     | Killed a cyan ugly thing
 10313 | D:10     | Reached skill level 10 in Maces & Flails
 10719 | D:10     | Noticed a deep elf pyromancer
 10741 | D:10     | HP: 2/101 [fire elemental[a deep elf pyromancer] (13)]
 10741 | D:10     | Mangled by a fire elemental

Illustrated notes

Levels and vault maps discovered:
D:1:      heliophobic_arrival_enchanted_forest, layout_basic, minmay_liquid_box
D:2:      layout_basic, basic_altar, minmay_tetromino_t4
D:3:      layout_basic, amcnicky_altar_gilded,
          ebering_ecumenical_altar_petrified
D:4:      layout_loops_ring, lemuel_round_altar, trog_hazing_becter,
          minmay_small_thing, uniq_crazy_yiuf_cottage, uniq_sigmund
D:5:      layout_loops_corners, roderic_lattice_a, serial_park_tiny_pond,
          minmay_quadrilaterals
D:6:      layout_basic, nicolae_shop_clearance, uniq_edmund
D:7:      layout_rooms, worldfamousw_hep_ancestral_shrine,
          minmay_temple_entry_drinking_statues, uniq_maggie
D:8:      old_forge, layout_loops_ring, kennysheep_mini_moat, serial_shops,
          shop, uniq_jeremiah
D:9:      layout_basic, old_standard_altar, nicolae_ea-nasir_strikes_again
D:10:     layout_cave_pools, kennysheep_mini, nicolae_overflow_hidden_temple,
          kennysheep_orc_monster_closet_entryway, serial_shops,
          nicolae_shop_stone, minmay_pinched_square
Temple:   compressed_dpeg_triangle_lava_temple

Skill      XL: |  1  2  3  4  5  6  7  8  9 10 11 |
---------------+----------------------------------+-----
Shields        | 4 5 6 7 9 10 | 10.7
Fighting       | 4 5 6 7 9 10 | 10.7
Maces & Flails | 3 4 5 6 8 9 10 | 10.3
Armour         | 4 5 6 7 8 10 | 10.7
Dodging        | 1 2 3 4 5 6 |  6.6

Action                     |  1- 3 |  4- 6 |  7- 9 | 10-12 || total
---------------------------+-------+-------+-------+-------++-------
  Melee: Flail             |    91 |    95 |       |       ||   186
         Headbutt          |    12 |    18 |    63 |    67 ||   160
         Mace              |       |    30 |   298 |    78 ||   406
         Morningstar       |       |       |       |   186 ||   186
  Evoke: Wand              |       |       |     5 |     2 ||     7
    Use: Scroll            |     2 |     4 |     7 |     8 ||    21
         Potion            |       |     3 |     7 |     2 ||    12
   Stab: Distracted        |       |       |     1 |     6 ||     7
 Armour: Scale mail        |    80 |    54 |       |       ||   134
         Chain mail        |       |    19 |   276 |    93 ||   388
         Plate armour      |       |       |       |   151 ||   151
  Dodge: Dodged            |    48 |    45 |   139 |   141 ||   373
  Block: Buckler           |    23 |    34 |    82 |   104 ||   243

Table legend: (Time is in decaauts)
 A = Elapsed time spent in this place.
 B = Non-inter-level travel time spent in this place.
 C = Inter-level travel time spent in this place.
 D = Time resting spent in this place.
 E = Time spent auto-exploring this place.
 F = Levels seen in this place.
 G = Mean time per level.
                   A        B        C        D        E       F      G
               +--------+--------+--------+--------+--------+-----+--------+
         Total |  10766 |  10610 |    156 |   1920 |   6401 |  11 |  978.7 |
       Dungeon |  10711 |  10555 |    156 |   1920 |   6391 |  10 | 1071.1 |
        Temple |     54 |     54 |      0 |      0 |     10 |   1 |   54.0 |
               +--------+--------+--------+--------+--------+-----+--------+

Top non-repeatable levels by time:
     D:8: 1470 daAuts
     D:6: 1359 daAuts
     D:5: 1346 daAuts
     D:4: 1214 daAuts
     D:9: 1207 daAuts
     D:3: 1053 daAuts
     D:1: 1014 daAuts
    D:10: 968 daAuts
     D:7: 549 daAuts
     D:2: 528 daAuts
  Temple: 54 daAuts
